[Event "Titled Tuesday Blitz August 22 Early 2023"]
[White "Plazuelo Pascual, Juan"]
[Black "Le, Tuan Minh"]
[WhiteFideId "32059566"]
[BlackFideId "12401153"]
[WhiteElo "2696"]
[BlackElo "2980"]
[Result "0-1"]
[Round "11"]
[TimeControl "180+1"]
[Date "2023.08.22"]
[WhiteClock "0:00:17"]
[BlackClock "0:01:20"]
[Board "28"]

1. e4 c5 2. Nf3 Nf6 3. e5 Nd5 4. Nc3 e6 5. Ne4 f5 6. Nc3 Ne7 7. b3 a6 8. Bb2 Nbc6 9. Qe2 Qc7 10. O-O-O Nd4 11. Qe3 Nec6 12. Ne2 Nxf3 13. gxf3 b5 14. Rg1 Bb7 15. Kb1 g6 16. h4 Be7 17. h5 gxh5 18. Nf4 O-O-O 19. Nxh5 Rhg8 20. Be2 Nd4 21. Bxd4 cxd4 22. Qxd4 Bc5 23. Qf4 Rxg1 24. Rxg1 Bxf2 25. Rf1 Bc5 26. Nf6 Kb8 27. Rh1 Bc6 28. Rxh7 Qa5 29. Rg7 Rh8 30. Rg8+ Rxg8 31. Nxg8 Qd8 32. Nf6 Qh8 33. d4 Ba3 34. c3 Qh1+ 35. Kc2 Qa1 36. d5 Qxa2+ 37. Kd3 Qb1+ 38. Kd2 Bc1+ 0-1


[Site "https://www.chess.com"]

[Event "Titled Tuesday Blitz August 22 Early 2023"]
[White "Mekhitarian, Krikor Sevag"]
[Black "GaiozNigalidze"]
[WhiteFideId "2107660"]
[WhiteElo "2866"]
[BlackElo "2691"]
[Result "1-0"]
[Round "11"]
[TimeControl "180+1"]
[Date "2023.08.22"]
[WhiteClock "0:00:04"]
[BlackClock "0:00:08"]
[Board "30"]

1. Nf3 Nf6 2. c4 g6 3. Nc3 d5 4. cxd5 Nxd5 5. h4 Nxc3 6. bxc3 h6 7. d4 Bg7 8. e4 c5 9. Rb1 O-O 10. Be3 cxd4 11. cxd4 Qa5+ 12. Qd2 Qxd2+ 13. Nxd2 b6 14. Bb5 Bb7 15. f3 e6 16. Ke2 Rd8 17. Nb3 Nc6 18. Rhd1 a6 19. Bc4 b5 20. Bd3 Nxd4+ 21. Nxd4 Bxd4 22. Bxh6 Bf6 23. g3 Rd4 24. Bc2 Rad8 25. Be3 Rxd1 26. Bxd1 Bd4 27. Bc2 Bxe3 28. Kxe3 Rc8 29. Kd2 Kf8 30. Bd3 Bc6 31. a3 Ke7 32. g4 e5 33. Rc1 Kd6 34. Ke3 Rh8 35. Rh1 f6 36. h5 gxh5 37. gxh5 Rh6 38. Be2 Be8 39. f4 a5 40. Rd1+ Ke7 41. f5 b4 42. axb4 axb4 43. Rb1 Kf8 44. Rxb4 Bxh5 45. Bc4 Kg7 46. Rb7+ Kh8 47. Be6 Rh7 48. Rb8+ Kg7 49. Rg8+ Kh6 50. Rg1 Bf7 51. Rh1+ Kg7 52. Rxh7+ Kxh7 53. Bxf7 Kg7 54. Bg6 Kf8 55. Kd3 1-0


[Site "https://www.chess.com"]

[Event "Titled Tuesday Blitz August 22 Early 2023"]
[White "Rustemov, Alexander"]
[Black "Djordjevic, Vuk"]
[WhiteFideId "4119002"]
[BlackFideId "902098"]
[WhiteElo "2859"]
[BlackElo "2691"]
[Result "1-0"]
[Round "11"]
[TimeControl "180+1"]
[Date "2023.08.22"]
[WhiteClock "0:00:08"]
[BlackClock "0:00:00"]
[Board "31"]

1. d4 Nf6 2. c4 e6 3. Nf3 b6 4. a3 Bb7 5. Nc3 d5 6. Bg5 Be7 7. Bxf6 Bxf6 8. cxd5 exd5 9. Qa4+ Nd7 10. g3 c6 11. Bh3 h5 12. O-O-O b5 13. Qc2 Nb6 14. e4 O-O 15. e5 Be7 16. e6 Bc8 17. exf7+ Rxf7 18. Bxc8 Rxc8 19. Ne5 Rf6 20. Kb1 Nc4 21. Qe2 Rb8 22. Rhe1 Bxa3 23. bxa3 b4 24. axb4 Rxb4+ 25. Ka1 Nb6 26. Na2 Ra4 27. Nd3 Qd6 28. Nc5 Ra3 29. Qe8+ Rf8 30. Qe2 Rf6 31. f4 Nc4 32. Qe8+ Rf8 33. Qe6+ Qxe6 34. Rxe6 Rb8 35. Rb1 Rxb1+ 36. Kxb1 Rf3 37. Nb4 Rf1+ 38. Kc2 Rf2+ 39. Kc3 Rxh2 40. Nxc6 Rg2 41. Ne7+ Kf7 42. Nxd5 Nd2 43. Re7+ Kg8 44. Ne6 Nf1 45. Rxg7+ Kh8 46. Rf7 Rxg3+ 47. Kb4 1-0


[Site "https://www.chess.com"]

[Event "Titled Tuesday Blitz August 22 Early 2023"]
[White "Lenderman, Aleksandr"]
[Black "Gubajdullin, Alexei"]
[WhiteFideId "2021285"]
[BlackFideId "4141202"]
[WhiteElo "2851"]
[BlackElo "2683"]
[Result "1-0"]
[Round "11"]
[TimeControl "180+1"]
[Date "2023.08.22"]
[WhiteClock "0:01:16"]
[BlackClock "0:00:04"]
[Board "32"]

1. b3 Nf6 2. Bb2 g6 3. g3 Bg7 4. Bg2 O-O 5. Nf3 d6 6. d4 a5 7. O-O a4 8. c4 axb3 9. axb3 Rxa1 10. Bxa1 c6 11. Nc3 Na6 12. e4 Bg4 13. h3 Bxf3 14. Bxf3 Nd7 15. Bg2 Qb6 16. Na4 Qa7 17. Qd2 Rb8 18. Rd1 b5 19. cxb5 Rxb5 20. e5 d5 21. Qe3 Nf8 22. Bf1 Rb4 23. Qc3 Rb8 24. Qxc6 Nb4 25. Qc5 Qb7 26. Qc3 Ne6 27. Nc5 Nxc5 28. dxc5 Nc6 29. Rxd5 Qxb3 30. Qxb3 Rxb3 31. Rd1 e6 32. Bg2 Nb4 33. c6 Na6 34. Rd8+ Bf8 35. Bd4 Kg7 36. Be3 Nc7 37. Bg5 h6 38. Bf6+ Kg8 39. Be7 Kh7 40. Rxf8 1-0


[Site "https://www.chess.com"]

[Event "Titled Tuesday Blitz August 22 Early 2023"]
[White "Zemlyanskii, Ivan"]
[Black "Nasir, Zehn"]
[WhiteFideId "24249971"]
[BlackFideId "2613239"]
[WhiteElo "2848"]
[BlackElo "2665"]
[Result "0-1"]
[Round "11"]
[TimeControl "180+1"]
[Date "2023.08.22"]
[WhiteClock "0:00:00"]
[BlackClock "0:00:35"]
[Board "33"]

1. d4 Nf6 2. c4 c5 3. d5 e6 4. Bf4 exd5 5. cxd5 d6 6. e4 a6 7. Bd3 b5 8. Nc3 Nbd7 9. Nf3 g6 10. h3 Qe7 11. O-O Nh5 12. Bh2 Bg7 13. g4 b4 14. Na4 Nhf6 15. Re1 O-O 16. b3 Ne8 17. Rb1 Ne5 18. Nb2 h5 19. Nxe5 Bxe5 20. Bxe5 Qxe5 21. Qe2 hxg4 22. hxg4 Qf4 23. f3 Kg7 24. Nc4 Rh8 25. Qg2 Rh4 26. Be2 Bd7 27. Bd1 Bb5 28. Ne3 Nf6 29. Rb2 Rah8 30. Rd2 a5 31. Be2 Qxe3+ 32. Qf2 Rh1+ 0-1


[Site "https://www.chess.com"]

[Event "Titled Tuesday Blitz August 22 Early 2023"]
[White "Shahaliyev, Ismayil"]
[Black "Bacrot, Etienne"]
[WhiteFideId "13406388"]
[BlackFideId "605506"]
[WhiteElo "2621"]
[BlackElo "2838"]
[Result "1-0"]
[Round "11"]
[TimeControl "180+1"]
[Date "2023.08.22"]
[WhiteClock "0:00:04"]
[BlackClock "0:00:17"]
[Board "34"]

1. c4 c5 2. b3 g6 3. Bb2 Nf6 4. g3 Bg7 5. Bg2 O-O 6. Nf3 d6 7. O-O e5 8. Nc3 Nh5 9. Ne1 f5 10. Nd5 f4 11. b4 Nc6 12. e3 cxb4 13. exf4 exf4 14. Bxg7 Kxg7 15. a3 Nd4 16. axb4 Kh6 17. Ra3 Bf5 18. g4 Qg5 19. gxf5 gxf5 20. Nf3 Nxf3+ 21. Qxf3 Rae8 22. Rxa7 Rg8 23. Rxb7 Rg6 24. Kh1 Reg8 25. Rg1 Re8 26. b5 Qh4 27. Rf7 Rg3 28. Qd1 Kg6 29. Rd7 Kh6 30. Rxd6+ Kg7 31. Rd7+ Kg8 32. b6 Rg4 33. b7 Qxf2 34. Bf3 Ng3+ 35. hxg3 fxg3 36. Nf6+ Kf8 37. Nxg4 fxg4 38. Bg2 Kg8 39. Rf1 Qd4 40. Rxd4 1-0


[Site "https://www.chess.com"]

[Event "Titled Tuesday Blitz August 22 Early 2023"]
[White "Frolyanov, Dmitry"]
[Black "Cherniaiev, Tykhon"]
[WhiteFideId "4151976"]
[BlackFideId "14182360"]
[WhiteElo "2655"]
[BlackElo "2803"]
[Result "1/2-1/2"]
[Round "11"]
[TimeControl "180+1"]
[Date "2023.08.22"]
[WhiteClock "0:00:38"]
[BlackClock "0:00:10"]
[Board "35"]

1. d4 Nf6 2. c4 e6 3. Nf3 d5 4. g3 Be7 5. Bg2 O-O 6. O-O dxc4 7. Qc2 a6 8. a4 Bd7 9. Qxc4 Bc6 10. Nc3 a5 11. Bg5 Ne4 12. Bxe7 Qxe7 13. Rfd1 Nxc3 14. Qxc3 Na6 15. Qxa5 Nb4 16. Qc5 Qxc5 17. dxc5 Nc2 18. Ra2 Rfd8 19. Rc1 Rxa4 20. Rxa4 Bxa4 21. Ne5 Nd4 22. Bf1 Nb3 23. Rc4 Be8 24. Rc3 Ba4 25. Rc4 Be8 26. Rc3 Ba4 27. Rc4 1/2-1/2


[Site "https://www.chess.com"]

[Event "Titled Tuesday Blitz August 22 Early 2023"]
[White "Materia, Marco"]
[Black "Golubev, Mikhail"]
[WhiteFideId "45150451"]
[BlackFideId "14100983"]
[WhiteElo "2795"]
[BlackElo "2596"]
[Result "1/2-1/2"]
[Round "11"]
[TimeControl "180+1"]
[Date "2023.08.22"]
[WhiteClock "0:01:20"]
[BlackClock "0:00:08"]
[Board "36"]

1. d4 Nf6 2. c4 g6 3. Nc3 Bg7 4. e4 d6 5. h3 Nbd7 6. g4 a6 7. Be3 c5 8. Nf3 O-O 9. g5 Nh5 10. Be2 b5 11. cxb5 axb5 12. Bxb5 cxd4 13. Nxd4 Bb7 14. O-O Nc5 15. Nc6 Bxc6 16. Bxc6 Rc8 17. Bxc5 Rxc6 18. Be3 Bxc3 19. bxc3 Rxc3 20. a4 Qa8 21. Qd4 Rfc8 22. Rfc1 Rxc1+ 23. Rxc1 Rxc1+ 24. Bxc1 e5 25. Qc4 Ng7 26. Bd2 Ne6 27. a5 Nd4 28. Qd3 d5 29. f3 Qc8 30. Kg2 dxe4 31. fxe4 Ne6 32. a6 Nc5 33. Qc4 Qxa6 34. Qxc5 Qe2+ 35. Qf2 Qxe4+ 36. Kh2 Qc2 37. Be3 Qxf2+ 38. Bxf2 f6 39. gxf6 Kf7 40. Kg3 Kxf6 41. Kg4 h5+ 42. Kg3 g5 43. Be3 Kf5 44. Bc1 e4 45. Be3 h4+ 46. Kh2 g4 47. hxg4+ Kxg4 48. Kg2 h3+ 49. Kh2 Kf3 50. Bb6 e3 51. Bxe3 Kxe3 52. Kxh3 1/2-1/2


[Site "https://www.chess.com"]

[Event "Titled Tuesday Blitz August 22 Early 2023"]
[White "Leiva, Gianmarco"]
[Black "Ribeiro, Matheus Mendes Domingues"]
[WhiteFideId "3804399"]
[BlackFideId "324226923"]
[WhiteElo "2746"]
[BlackElo "2582"]
[Result "1/2-1/2"]
[Round "11"]
[TimeControl "180+1"]
[Date "2023.08.22"]
[WhiteClock "0:00:16"]
[BlackClock "0:00:10"]
[Board "37"]

1. e4 e6 2. d4 d5 3. Nc3 Nf6 4. Bg5 Bb4 5. e5 h6 6. Bc1 Ne4 7. a3 Bxc3+ 8. bxc3 c5 9. dxc5 Nc6 10. Bd3 Nxe5 11. Bxe4 dxe4 12. Qd4 Qxd4 13. cxd4 Nc6 14. Bb2 Ne7 15. Ne2 Bd7 16. c4 O-O 17. a4 Rfd8 18. a5 Bc6 19. Kd2 e3+ 20. fxe3 Bxg2 21. Rhg1 Be4 22. Ng3 Bg6 23. h4 Nf5 24. Nxf5 Bxf5 25. h5 g5 26. hxg6 Bxg6 27. e4 Kh7 28. Ke3 Rg8 29. Bc3 Bh5 30. Rxg8 Rxg8 31. Rb1 Rg3+ 32. Kd2 Rg2+ 33. Kd3 Rg3+ 34. Kc2 Bg6 35. Re1 Rg4 36. Kd3 Rg3+ 37. Re3 Rxe3+ 38. Kxe3 f5 39. e5 Be8 40. d5 Bd7 41. Kd4 Kg6 42. Bd2 h5 43. Ke3 h4 44. Kf4 Kh5 45. Be1 Bc8 46. Bf2 Bd7 47. Bg1 a6 48. Bf2 Kg6 49. Bxh4 Kf7 50. Bd8 Ba4 51. Ke3 Bb3 52. Kd4 Ba4 53. Bg5 Bd7 54. Bh4 Ba4 55. Bg3 Ke7 56. Bh4+ Kd7 57. Bg5 Bb3 58. Bd2 Ba2 59. Bb4 Bb3 60. Ba3 Ba2 61. Kc3 Bb1 62. Kd4 Ba2 63. Bc1 Bb3 64. c6+ bxc6 65. d6 Ba2 66. Kc5 Bb3 67. Kb4 Bc2 68. Bf4 Bd1 69. Kc3 Be2 70. Kd4 Bf1 71. Kc5 Be2 72. Kb4 Bf1 73. c5 Bb5 74. Kc3 Be2 75. Kd4 Bb5 76. Ke3 Ba4 77. Kf2 Bb5 78. Ke3 Bc4 79. Kd2 Bb5 80. Kc3 Be2 81. Kb2 Bf3 82. Ka3 Be2 83. Kb3 Bb5 84. Kc3 1/2-1/2


[Site "https://www.chess.com"]

[Event "Titled Tuesday Blitz August 22 Early 2023"]
[White "Shoker, Samy"]
[Black "Moral Garcia, Serafin"]
[WhiteFideId "627143"]
[BlackFideId "2201925"]
[WhiteElo "2726"]
[BlackElo "2571"]
[Result "1-0"]
[Round "11"]
[TimeControl "180+1"]
[Date "2023.08.22"]
[WhiteClock "0:00:48"]
[BlackClock "0:00:40"]
[Board "38"]

1. Nf3 Nf6 2. g3 g6 3. Bg2 Bg7 4. O-O O-O 5. d3 d5 6. Nbd2 c5 7. e4 Nc6 8. exd5 Nxd5 9. Re1 b6 10. Nb3 Bb7 11. d4 c4 12. Nbd2 b5 13. c3 Re8 14. a4 a6 15. Ne4 Qb6 16. Nfg5 Rad8 17. axb5 axb5 18. Nc5 e5 19. Bxd5 Rxd5 20. Qf3 Nd8 21. Nxb7 Qxb7 22. Ra7 Qxa7 23. Qxd5 Qb7 24. Qxb7 Nxb7 25. dxe5 Rxe5 26. Rd1 h6 27. Nf3 Re2 28. Kf1 Rc2 29. Ne1 Rxc1 30. Rxc1 Nc5 31. Ra1 Na4 32. Ra2 Kf8 33. Nc2 Nc5 34. Ra5 Nb3 35. Rxb5 1-0


[Site "https://www.chess.com"]

[Event "Titled Tuesday Blitz August 22 Early 2023"]
[White "Skliarov, Viktor"]
[Black "Janaszak, Dawid"]
[WhiteFideId "14106736"]
[BlackFideId "1119206"]
[WhiteElo "2697"]
[BlackElo "2525"]
[Result "1/2-1/2"]
[Round "11"]
[TimeControl "180+1"]
[Date "2023.08.22"]
[WhiteClock "0:00:08"]
[BlackClock "0:00:08"]
[Board "39"]

1. e4 c5 2. Nf3 Nc6 3. Bb5 e5 4. O-O Nge7 5. c3 g6 6. d4 cxd4 7. cxd4 exd4 8. Nxd4 Bg7 9. Be3 O-O 10. Nc3 d5 11. exd5 Nxd5 12. Nxc6 bxc6 13. Bxc6 Nxe3 14. Qxd8 Rxd8 15. fxe3 Rb8 16. Bd5 Rxb2 17. Bxf7+ Kh8 18. Rad1 Rdd2 19. Rxd2 Rxd2 20. Ne4 Re2 21. Bc4 Rxe3 22. Nd6 Bd4 23. Nxc8 Rc3+ 24. Kh1 Rxc4 25. Nd6 Ra4 26. g3 Rxa2 27. Rf7 a5 28. Ne8 Kg8 29. Rd7 Be5 30. Re7 Bc3 31. Nd6 Bb4 32. Re8+ Kg7 33. Nb5 Rd2 34. Ra8 Rd7 35. Kg2 h5 36. h4 Kf6 37. Kf3 Ke6 38. Ke4 Re7 39. Nd4+ Kd6+ 40. Kd3 Kd5 41. Ra6 Rd7 42. Rxg6 Ke5 43. Rg5+ Kf6 44. Rxh5 a4 45. Rb5 Bd6 46. Ke4 a3 47. g4 Ra7 48. g5+ Kg6 49. Nb3 a2 50. Rb6 Re7+ 51. Kd5 Re5+ 52. Kxd6 Re3 53. Na1 Kh5 54. Ra6 Kxh4 55. Rxa2 Kxg5 56. Rb2 Rd3+ 57. Kc5 Kf5 58. Kc4 Rd8 59. Nb3 Rc8+ 60. Nc5 Rd8 61. Re2 Kf4 62. Rf2+ Kg3 63. Rf7 Rd1 64. Ne4+ Kg4 65. Nc3 Rc1 66. Kd4 Kg5 67. Re7 Kg6 68. Ne4 Rd1+ 69. Ke5 Ra1 70. Re6+ Kf7 71. Rb6 Ra5+ 72. Kf4 Ra1 73. Ng5+ Kg7 74. Kf5 Ra5+ 75. Kg4 Ra1 76. Nf3 Rd1 77. Kf5 Rd5+ 78. Ne5 Rd1 79. Rb7+ Kf8 80. Ke6 Kg8 81. Ng6 Re1+ 82. Ne5 Re2 83. Ra7 Re1 84. Kf6 Rf1+ 85. Kg5 Rg1+ 86. Ng4 Kf8 87. Kf6 Rf1+ 88. Ke6 Re1+ 89. Ne5 Kg8 90. Rb7 Re2 91. Ra7 Re1 1/2-1/2


[Site "https://www.chess.com"]

[Event "Titled Tuesday Blitz August 22 Early 2023"]
[White "Tari, Aryan"]
[Black "Aevengho"]
[WhiteFideId "1510045"]
[WhiteElo "2921"]
[BlackElo "2590"]
[Result "1-0"]
[Round "11"]
[TimeControl "180+1"]
[Date "2023.08.22"]
[WhiteClock "0:00:06"]
[BlackClock "0:00:01"]
[Board "40"]

1. e4 d6 2. d4 Nf6 3. Nc3 g6 4. g3 Bg7 5. Bg2 O-O 6. Nge2 e5 7. O-O exd4 8. Nxd4 Re8 9. h3 Na6 10. Nb3 Nd7 11. Be3 Nac5 12. Nxc5 Nxc5 13. Bd4 Bd7 14. Bxg7 Kxg7 15. Qd4+ f6 16. b4 Ne6 17. Qd3 Bc6 18. f4 a6 19. Kh2 Nf8 20. h4 Nd7 21. Ne2 Qe7 22. Nc3 Qf7 23. a4 f5 24. Qd4+ Qf6 25. Qd3 fxe4 26. Nxe4 Bxe4 27. Bxe4 c6 28. Bg2 d5 29. c4 Nb6 30. cxd5 Nxd5 31. Rae1 Rxe1 32. Rxe1 Rd8 33. Qe4 Rd7 34. Qc4 Re7 35. Rxe7+ Nxe7 36. b5 cxb5 37. axb5 axb5 38. Qxb5 b6 39. Qd7 h5 40. Bd5 Qb2+ 41. Kh3 Qf6 42. Be6 b5 43. Kh2 b4 44. Bc4 Qb2+ 45. Kh3 Qf6 46. Be6 Kh6 47. Kg2 Nf5 48. Bxf5 Qxf5 49. Qd8 Qe4+ 50. Kh2 Kh7 51. Qd7+ Kh6 52. Qd8 Kh7 53. Qc7+ Kg8 54. Qb8+ Kf7 55. Qc7+ Ke6 56. Qc8+ Kd5 57. Qg8+ Kd4 58. Qd8+ Kc3 59. Qc7+ Qc4 60. Qg7+ Kc2 61. Qxg6+ Qd3 62. Qxd3+ Kxd3 63. f5 b3 64. f6 b2 65. f7 b1=Q 66. f8=Q Qc2+ 67. Kg1 Qd1+ 68. Kg2 Qe2+ 69. Qf2 Qe5 70. Qf3+ Kd4 71. Qd1+ Kc5 72. Qd2 Qe4+ 73. Kf2 Qf5+ 74. Ke3 Qe5+ 75. Kf2 Qf5+ 76. Kg1 Qg4 77. Kh2 Kc6 78. Qd3 Kc7 79. Qd2 Kc6 80. Kg2 Kc5 81. Qg5+ Qxg5 82. hxg5 Kd5 83. Kh3 Ke5 84. Kh4 1-0


[Site "https://www.chess.com"]

[Event "Titled Tuesday Blitz August 22 Early 2023"]
[White "Shimanov, Aleksandr"]
[Black "Chyzy, Jakub"]
[WhiteFideId "4198603"]
[BlackFideId "21806209"]
[WhiteElo "2913"]
[BlackElo "2588"]
[Result "0-1"]
[Round "11"]
[TimeControl "180+1"]
[Date "2023.08.22"]
[WhiteClock "0:00:02"]
[BlackClock "0:00:04"]
[Board "41"]

1. e4 e5 2. Nf3 Nc6 3. c3 d6 4. d4 Bg4 5. Be2 Nf6 6. Nbd2 Bxf3 7. Nxf3 Be7 8. Bd3 O-O 9. O-O Nd7 10. Re1 h6 11. Be3 Qc8 12. Qd2 Nf6 13. h3 Nh5 14. Rad1 g5 15. Nh2 Nf4 16. Ng4 Kg7 17. Nh2 Kh7 18. Nf1 Rg8 19. Ng3 Bf6 20. dxe5 Bxe5 21. Nf5 Qe6 22. Bc2 Ne7 23. f3 Kh8 24. Bd4 Nxf5 25. exf5 Qf6 26. Bxe5 dxe5 27. Qe3 Rge8 28. Rd7 Rac8 29. Bb3 Re7 30. Rxe7 Qxe7 31. Qxe5+ Qxe5 32. Rxe5 Rd8 33. g3 Nxh3+ 34. Kg2 g4 35. Re2 gxf3+ 36. Kxf3 Ng5+ 37. Kf4 Kg7 38. Re7 Rd3 39. Rxc7 Kf6 40. Kg4 h5+ 41. Kxh5 Rxg3 42. Rxb7 Nf3 43. Rxf7+ Ke5 44. f6 Kf5 45. Bc2+ Kf4 46. Rg7 Rh3+ 47. Kg6 Ne5# 0-1


[Site "https://www.chess.com"]

[Event "Titled Tuesday Blitz August 22 Early 2023"]
[White "Harsh Suresh"]
[Black "Eynullayev, Altay"]
[WhiteFideId "45018464"]
[BlackFideId "13413562"]
[WhiteElo "2860"]
[BlackElo "2581"]
[Result "1-0"]
[Round "11"]
[TimeControl "180+1"]
[Date "2023.08.22"]
[WhiteClock "0:02:37"]
[BlackClock "0:00:59"]
[Board "42"]

1. e4 c5 2. Nc3 d6 3. f4 g6 4. Nf3 Bg7 5. Bc4 Nc6 6. O-O e6 7. d3 Nge7 8. Qe1 O-O 9. f5 gxf5 10. Bg5 f6 11. Be3 Ne5 12. Nxe5 fxe5 13. Bg5 Bf6 14. Bh6 Bg7 15. Qg3 Rf7 16. exf5 Kh8 17. Bg5 Rxf5 18. Rxf5 exf5 19. Qh4 1-0


[Site "https://www.chess.com"]

[Event "Titled Tuesday Blitz August 22 Early 2023"]
[White "Hambleton, Aman"]
[Black "Postlmayer, Jakob"]
[WhiteFideId "2606577"]
[BlackFideId "1643622"]
[WhiteElo "2823"]
[BlackElo "2575"]
[Result "0-1"]
[Round "11"]
[TimeControl "180+1"]
[Date "2023.08.22"]
[WhiteClock "0:00:01"]
[BlackClock "0:00:24"]
[Board "43"]

1. d4 d5 2. Bf4 Nf6 3. e3 c5 4. c3 Nc6 5. Nd2 e6 6. Ngf3 cxd4 7. exd4 Nh5 8. Be3 Bd6 9. g3 O-O 10. Bd3 g6 11. O-O e5 12. dxe5 Nxe5 13. Nxe5 Bxe5 14. Nb3 Qc7 15. Bd4 Bd6 16. Qf3 Be6 17. Rfe1 Rae8 18. Re3 Re7 19. Rae1 Rfe8 20. Bb5 Rd8 21. Bf6 Nxf6 22. Qxf6 a6 23. Bd3 Ree8 24. Nd4 Bd7 25. h4 Bf8 26. Rxe8 Rxe8 27. Rxe8 Bxe8 28. Qf3 Qe5 29. Qe2 Bd6 30. Qxe5 Bxe5 31. f4 Bd6 32. Kf2 Kf8 33. Ke3 Ke7 34. g4 h6 35. g5 hxg5 36. hxg5 Bd7 37. Nf3 Bg4 38. Ne5 Bc5+ 39. Kd2 Be6 40. b4 Ba7 41. a4 Kd6 42. a5 Bb8 43. Nf3 Ba7 44. Nd4 Bd7 45. Ke3 Bc8 46. Bc2 b6 47. axb6 Bxb6 48. Kf3 a5 49. Nb5+ Ke7 50. bxa5 Bxa5 51. Ke3 Bd7 52. Nd4 Bxc3 53. Bb3 Kd6 54. Nb5+ Bxb5 55. Kf3 Kc5 56. Kg4 Bd7+ 57. Kh4 Be6 58. Bc2 Be1# 0-1


[Site "https://www.chess.com"]

[Event "Titled Tuesday Blitz August 22 Early 2023"]
[White "Putnam, Liam"]
[Black "Santos Flores, Alberto"]
[WhiteFideId "30938279"]
[BlackFideId "3601234"]
[WhiteElo "2805"]
[BlackElo "2577"]
[Result "1-0"]
[Round "11"]
[TimeControl "180+1"]
[Date "2023.08.22"]
[WhiteClock "0:01:03"]
[BlackClock "0:00:04"]
[Board "44"]

1. Nf3 d5 2. b3 Bf5 3. Bb2 Nd7 4. g3 Ngf6 5. Bg2 h6 6. O-O e6 7. d3 Be7 8. Nbd2 O-O 9. Re1 Bh7 10. e4 a5 11. a3 c6 12. Qe2 Nc5 13. Rad1 Qc7 14. exd5 cxd5 15. d4 Nce4 16. c4 Nxd2 17. Nxd2 Rfd8 18. Rc1 Qd7 19. Nf3 Be4 20. Ne5 Qe8 21. f3 Bf5 22. c5 Nd7 23. Nd3 Nb8 24. Ra1 Nc6 25. Bc3 Bf6 26. Qe3 b6 27. b4 axb4 28. axb4 bxc5 29. Nxc5 Rxa1 30. Rxa1 Rb8 31. Qd2 Ra8 32. Qb2 Rxa1+ 33. Qxa1 Qb8 34. Qb2 Qb5 35. Bf1 Qb8 36. b5 Nd8 37. b6 Nb7 38. Ba6 Nd6 39. b7 Nc4 40. Bxc4 dxc4 41. Nd7 1-0


[Site "https://www.chess.com"]

[Event "Titled Tuesday Blitz August 22 Early 2023"]
[White "Adewumi, Tanitoluwa"]
[Black "Shukhman, Anna"]
[WhiteFideId "30966396"]
[BlackFideId "54180058"]
[WhiteElo "2788"]
[BlackElo "2566"]
[Result "0-1"]
[Round "11"]
[TimeControl "180+1"]
[Date "2023.08.22"]
[WhiteClock "0:00:08"]
[BlackClock "0:02:01"]
[Board "45"]

1. e4 c5 2. Nf3 a6 3. c4 Nc6 4. Nc3 e5 5. d3 g6 6. Bg5 Be7 7. Be3 d6 8. Qd2 f5 9. exf5 gxf5 10. Bg5 Nf6 11. Be2 Be6 12. O-O Rg8 13. Rae1 Qd7 14. Bxf6 Bxf6 15. Nd5 Bxd5 16. cxd5 Ne7 17. Qh6 Nxd5 18. Qh5+ Rg6 19. Nh4 Nf4 20. Qxf5 Bxh4 21. Qxd7+ Kxd7 22. Bf3 Nxg2 23. Re4 Ne3+ 24. Kh1 Nxf1 25. Rxh4 Rag8 26. Rxh7+ Kd8 0-1


[Site "https://www.chess.com"]

[Event "Titled Tuesday Blitz August 22 Early 2023"]
[White "Chor, Kevin"]
[Black "Krzyzanowski, Marcin"]
[WhiteFideId "2090740"]
[BlackFideId "1132199"]
[WhiteElo "2565"]
[BlackElo "2770"]
[Result "0-1"]
[Round "11"]
[TimeControl "180+1"]
[Date "2023.08.22"]
[WhiteClock "0:00:07"]
[BlackClock "0:00:12"]
[Board "46"]

1. e4 g6 2. d4 Bg7 3. Nc3 c6 4. Be3 d5 5. f3 dxe4 6. fxe4 Nf6 7. Be2 Qa5 8. Qd2 e5 9. dxe5 Ng4 10. Bxg4 Bxg4 11. h3 Be6 12. Nf3 Nd7 13. Bh6 Bxh6 14. Qxh6 Nxe5 15. O-O-O Nd7 16. Qh4 h6 17. Nd4 g5 18. Qg3 O-O-O 19. Nxe6 fxe6 20. Rd6 Rhe8 21. Rhd1 Qe5 22. Qxe5 Nxe5 23. Rxd8+ Rxd8 24. Rxd8+ Kxd8 25. Kd1 Nc4 26. Ke2 Nxb2 27. Kf3 Ke7 28. Kg4 Kf6 29. Kh5 Kg7 30. e5 Nc4 31. Ne4 b6 32. Nd6 Nxe5 33. Nc8 Nd7 34. Nxa7 Nf6# 0-1


[Site "https://www.chess.com"]

[Event "Titled Tuesday Blitz August 22 Early 2023"]
[White "Portela Peleteiro, Alberto"]
[Black "Starozhilov, Leonid"]
[WhiteFideId "22276106"]
[BlackFideId "14106752"]
[WhiteElo "2560"]
[BlackElo "2746"]
[Result "0-1"]
[Round "11"]
[TimeControl "180+1"]
[Date "2023.08.22"]
[WhiteClock "0:00:07"]
[BlackClock "0:00:16"]
[Board "47"]

1. e4 g6 2. d4 Bg7 3. Nc3 d6 4. f4 Nf6 5. Nf3 O-O 6. e5 dxe5 7. fxe5 Nd5 8. Bc4 Be6 9. Qe2 Nc6 10. O-O Nxc3 11. bxc3 Bxc4 12. Qxc4 Na5 13. Qd3 Qd5 14. Ba3 Rfe8 15. Rae1 Nc4 16. Bc1 f6 17. e6 Rad8 18. Re4 Nd6 19. Re2 Qxa2 20. Rfe1 Qc4 21. h4 b5 22. h5 Qxd3 23. cxd3 g5 24. g4 h6 25. Ra2 Ra8 26. Ra6 f5 27. Nh2 b4 28. Bb2 bxc3 29. Bxc3 Nb5 30. gxf5 Nxc3 31. Ng4 Bxd4+ 32. Kg2 Kg7 33. Rc6 Nd5 34. Rc4 Bf6 35. Re3 Nxe3+ 0-1


[Site "https://www.chess.com"]

[Event "Titled Tuesday Blitz August 22 Early 2023"]
[White "Willy, Stephen"]
[Black "Kosteniuk, Alexandra"]
[WhiteFideId "30981468"]
[BlackFideId "4128125"]
[WhiteElo "2559"]
[BlackElo "2740"]
[Result "1/2-1/2"]
[Round "11"]
[TimeControl "180+1"]
[Date "2023.08.22"]
[WhiteClock "0:00:12"]
[BlackClock "0:00:10"]
[Board "48"]

1. e4 c6 2. d4 d5 3. Nc3 dxe4 4. Nxe4 Nf6 5. Nxf6+ exf6 6. c3 Bd6 7. Bd3 O-O 8. Qc2 Re8+ 9. Ne2 h5 10. Be3 Nd7 11. Ng3 Nf8 12. Nxh5 f5 13. O-O-O g6 14. Nf4 b5 15. h4 Qa5 16. a3 Qc7 17. g3 a5 18. h5 g5 19. Ne2 f4 20. gxf4 gxf4 21. Rdg1+ Kh8 22. Bd2 b4 23. c4 bxa3 24. bxa3 Bxa3+ 25. Kd1 Rb8 26. Nxf4 Rb2 27. Qc3 Rxd2+ 28. Qxd2 Bb4 29. Ng6+ fxg6 30. Qh6+ Qh7 31. hxg6 Qxh6 32. g7+ Kg8 33. Rxh6 Re1+ 34. Rxe1 Kxg7 35. Rh3 Bxh3 36. Rg1+ Kf6 37. Rg3 Be6 38. Kc2 a4 39. Be2 a3 40. Kb3 Bd6 41. Rf3+ Ke7 42. Bd3 Nd7 43. Re3 Nb6 44. Kc3 Na4+ 45. Kb3 a2 46. Kxa2 Nc3+ 47. Kb3 Nd1 48. Re2 Kf6 49. Kc2 Bg4 50. Kxd1 Bxe2+ 51. Kxe2 c5 52. d5 Ke5 53. Ke3 Kf6 54. f4 Be7 55. Ke4 Bd6 56. Be2 Be7 57. Bg4 Bd6 58. Be6 Bc7 59. Bd7 Bd6 60. Be6 Bc7 61. f5 Bd6 62. Kd3 Bc7 63. Kc3 Be5+ 64. Kb3 Ke7 65. Ka4 Kd6 66. Kb5 Bf6 67. Bf7 Be5 68. Bg6 Bf6 69. Kb6 Be5 70. Kb7 Kd7 71. Bf7 Bf6 72. Be6+ Kd6 73. Kc8 Bg5 74. Kb7 Bf6 75. Kb6 Bg5 76. Bc8 Bf6 77. Bb7 Bg5 78. Bc6 Bf6 79. Kb5 Be7 80. Ka4 Ke5 81. Bd7 Kd6 82. Be6 Ke5 83. Kb3 Kd6 84. Kc2 Ke5 85. Kd3 Bd6 86. Ke3 Be7 87. Kf3 Bd6 88. Kg4 Kf6 89. Kh5 Bf8 90. Bc8 Be7 91. Kh6 Bd6 92. Kh7 Be7 93. Kg8 Bd6 94. Be6 Be7 95. Bd7 Bd6 96. Kh8 Be7 97. Kh7 Bd6 98. Kh6 Be7 99. Kh5 Bd6 100. Kg4 Bc7 101. Kf3 Ke5 102. Be6 Bd6 103. Ke3 Be7 104. Kd3 Bf6 105. Bc8 Be7 106. Kc3 Bf6 107. Kb3 Be7 108. Ka4 Bf6 109. Kb5 Kd6 110. Be6 Be7 111. Bf7 1/2-1/2


[Site "https://www.chess.com"]

[Event "Titled Tuesday Blitz August 22 Early 2023"]
[White "Weetik, Vjacheslav"]
[Black "Shvedova, Alexandra"]
[WhiteFideId "4153472"]
[BlackFideId "54154782"]
[WhiteElo "2735"]
[BlackElo "2558"]
[Result "1-0"]
[Round "11"]
[TimeControl "180+1"]
[Date "2023.08.22"]
[WhiteClock "0:02:47"]
[BlackClock "0:02:14"]
[Board "49"]

1. d4 Nf6 2. Bf4 d5 3. e3 e6 4. Nd2 Bd6 5. Ngf3 c5 6. c3 Qc7 7. Bxd6 Qxd6 8. Ne5 Nc6 9. f4 O-O 10. Bd3 Rb8 11. O-O b5 12. a3 a5 13. Rf3 b4 14. axb4 axb4 15. Rh3 bxc3 16. Bxh7+ Nxh7 17. Qh5 Rd8 18. Qxf7+ Kh8 19. Ng6# 1-0


[Site "https://www.chess.com"]